 Dungeon Crawl Stone Soup version 0.28.0 (webtiles) character file.

Game seed: 17423910703291754086

1852 Majang the Conjurer (level 8, -6/60 HPs)
             Began as a Demonspawn Conjurer on Feb 18, 2022.
             Was an Initiate of Vehumet.
             Mangled by an orc warrior (12 damage)
             ... on level 6 of the Dungeon.
             The game lasted 00:27:18 (6765 turns).

Majang the Conjurer (Demonspawn Conjurer)           Turns: 6765, Time: 00:27:20

Health: -6/60      AC:  4    Str:  8    XL:     8   Next: 88%
Magic:  10/14      EV: 13    Int: 26    God:    Vehumet [......]
Gold:   198        SH:  0    Dex: 11    Spells: 5/15 levels left

rFire   + . .      SeeInvis .   b - staff of conjuration
rCold   + . .      Faith    .   (no shield)
rNeg    . . .      Spirit   .   d - +2 robe {rC+ rF+}
rPois   .          Reflect  .   (helmet restricted)
rElec   .          Harm     .   (no cloak)
rCorr   +          Rampage  .   (no gloves)
Will    .....                   (no boots)
Stlth   ++........              (no amulet)
HPRegen 1.20/turn               c - ring of resist corrosion
MPRegen 0.14/turn               (no ring)

@: freezing walls, very slightly contaminated
A: antennae 2, powered by death 1, big brain 2
a: Renounce Religion


You were on level 6 of the Dungeon.
You worshipped Vehumet.
Vehumet was noncommittal.
You visited 2 branches of the dungeon, and saw 7 of its levels.

You collected 198 gold pieces.

Inventory:

Hand Weapons
 a - a +3 hand axe of freezing
 e - a +0 dagger
 p - a +0 flail
Armour
 d - a +2 robe of resistance (worn)
 u - a +2 kite shield
Magical Staves
 b - a staff of conjuration (weapon)
Jewellery
 c - a ring of resist corrosion (left hand)
Scrolls
 f - 2 scrolls of vulnerability {unknown}
 h - a scroll of silence {unknown}
 j - a scroll of enchant armour {unknown}
 k - 2 scrolls of amnesia {unknown}
 o - a scroll of brand weapon
 q - 4 scrolls of identify {unknown}
 r - a scroll of noise {unknown}
 s - 2 scrolls of fear {unknown}
Potions
 g - a potion of magic
 i - a potion of flight {unknown}
 l - a potion of lignification {unknown}
 n - a potion of curing {unknown}
 v - a potion of mutation {unknown}


   Skills:
 + Level 3.8 Fighting
 + Level 3.2 Staves
 + Level 3.8 Dodging
 - Level 1.7 Stealth
 + Level 4.3 Spellcasting
 + Level 6.7 Conjurations
 - Level 2.0 Translocations
 * Level 4.1 Ice Magic
 + Level 2.8 Evocations


You had 5 spell levels left.
You knew the following spells:

 Your Spells              Type           Power      Damage    Failure   Level
a - Magic Dart            Conj           100%       1d8       1%          1
b - Iskenderun's Mystic   Conj/Tloc      42%        2d10      14%         4
r - Frozen Ramparts       Ice            54%        1d7       4%          3
s - Searing Ray           Conj           100%       2d8       1%          2

Your spell library contained the following spells:

 Spells                   Type           Power      Damage    Failure   Level
 Dazzling Flash           Conj/Hex       68%        N/A       6%          3
 Summon Small Mammal      Summ           20%        N/A       9%          1
 Fulminant Prism          Conj/Hex       17%        3d11      21%         4
 Call Canine Familiar     Summ           5%         N/A       24%         3
 Summon Guardian Golem    Hex/Summ       5%         N/A       24%         3
 Ice Form                 Ice/Tmut       16%        N/A       34%         4
 Summon Ice Beast         Ice/Summ       16%        N/A       34%         4


Dungeon Overview and Level Annotations

Branches:
Dungeon (6/15)             Temple (1/1) D:6

Altars:
Ashenzari
Cheibriados
Dithmenos
Elyvilon
Fedhas
Gozag
Hepliaklqana
Kikubaaqudgha
Makhleb
Nemelex Xobeh
Okawaru
Qazlal
Ru
Sif Muna
Trog
Uskayaw
Vehumet
Wu Jian
Xom
Yredelemnul
Zin

Annotations:
D:3 1 runed translucent door, Crazy Yiuf


Innate Abilities, Weirdness & Mutations

You have a pair of antennae on your head.
You regenerate a little health from kills.
You have an extremely huge brain. (Int +4)


Message History

You feel a surge of power!
You erupt in a blast of force!
The mystic blast hits the two-headed ogre!
The two-headed ogre is lightly wounded.
The two-headed ogre is knocked back by the mystic blast.
You hear a shout!
Toss (no damage): wand of acid (15)
Press: ? - help, Shift-Dir - straight line, f - two-headed ogre
Aim: a two-headed ogre, wielding a +0 giant spiked club and a +0 giant club (lightly wounded)
You toss away a wand of acid (15).
The wand of acid (15) hits the two-headed ogre but does no damage.
The two-headed ogre is lightly wounded.
You aren't carrying any items that you can evoke.
Okay, then.
You aren't carrying any items that you can evoke.
As you read the scroll of teleportation, it crumbles to dust.
You feel strangely unstable.
Your surroundings suddenly seem different.
The orc warrior shouts!
An adder comes into view.
The adder moves out of view.
Casting: Iskenderun's Mystic Blast (dangerous; 14% risk of failure)
Confirm with . or Enter, or press ? or * to list all spells.
Casting: Frozen Ramparts (dangerous; 4% risk of failure)
Press: ? - help, Dir - look around, f - activate The walls around you are covered in ice.
The adder hisses angrily.
Unknown command.
It was a potion of magic.
Magic courses through your body.
The wall freezes the adder.
The wall freezes the adder.
The adder seems to slow down.
The wall freezes the orc warrior.
The wall freezes the adder!
You kill the adder!
Vehumet accepts your kill.
Casting: Frozen Ramparts (dangerous; 4% risk of failure)
Confirm with . or Enter, or press ? or * to list all spells.
You feel a surge of power!
You miscast Iskenderun's Mystic Blast.
You are very lightly contaminated with residual magic.
Nothing appears to happen.
The wall freezes the orc warrior.
The orc warrior hits you with a +0 flail!
You die...

#..........
#.........
#.........
.........
......... .#
#......### ... #.
#.....##.#.
....#.####@.......
.........o###..#..
.........###..#..#
................ #
........{....#..
.......#....##
............#
............#
.......Y......


You could see an orc warrior.

Vanquished Creatures
  Pikel (D:4)
  Eustachio (D:4)
  A water moccasin (D:4)
  A sky beast (Temple)
  A black bear (D:5)
  2 necrophages
  A lemure (D:4)
  2 ogres
  A scorpion (D:6)
  A killer bee (D:5)
  A howler monkey (D:4)
  4 hounds
  A bullfrog zombie (D:5)
  2 jellies (D:5)
  An orc priest (D:3)
  2 centaur skeletons
  An iguana (D:3)
  Jessica (D:3)
  2 hound zombies (D:5)
  4 adders
  2 gnolls (D:6)
  An ufetubus (D:5)
  An adder skeleton (D:4)
  2 worms
  6 dart slugs
  8 orcs
  A bat (D:1)
  3 endoplasms
  4 giant cockroaches (D:1)
  6 goblins
  5 hobgoblins
  4 quokkas
  5 ball pythons
  2 frilled lizards
  A kobold (D:4)
  5 rats
87 creatures vanquished.

Vanquished Creatures (others)
  8 fungi (D:1)
  3 plants (D:1)
11 creatures vanquished.

Grand Total: 98 creatures vanquished

Notes
Turn   | Place    | Note
-------+----------+-------------------------------------------
     0 | D:1      | Majang the Demonspawn Conjurer began the quest for the Orb.
     0 | D:1      | Reached XP level 1. HP: 13/13 MP: 3/3
   375 | D:1      | Gained mutation: You regenerate a little health from kills.
                  | [demonic ancestry]
   375 | D:1      | Reached XP level 2. HP: 19/19 MP: 0/5
   489 | D:1      | Learned a level 2 spell: Searing Ray
   770 | D:1      | Found a faded altar of an unknown god.
  1155 | D:2      | Gained mutation: You have a pair of small antennae on your
                  | head. [demonic ancestry]
  1155 | D:2      | Reached XP level 3. HP: 24/24 MP: 3/6
  1809 | D:2      | Reached skill level 5 in Conjurations
  2121 | D:3      | Noticed Jessica
  2125 | D:3      | Killed Jessica
  2126 | D:3      | Gained mutation: You have a pair of antennae on your head.
                  | [demonic ancestry]
  2126 | D:3      | Reached XP level 4. HP: 31/31 MP: 2/8
  2229 | D:3      | Learned a level 4 spell: Iskenderun's Mystic Blast
  2360 | D:3      | Reached skill level 1 in Fighting
  2360 | D:3      | Gained mutation: You have an unusually large brain. (Int
                  | +2) [demonic ancestry]
  2360 | D:3      | Reached XP level 5. HP: 23/37 MP: 3/9
  2731 | D:3      | Found a runed translucent door.
  2732 | D:3      | Noticed Crazy Yiuf
  3176 | D:4      | Noticed an ogre
  3181 | D:4      | Killed an ogre
  3182 | D:4      | Reached skill level 1 in Staves
  3439 | D:4      | Identified a scroll of acquirement
  3439 | D:4      | Acquired a staff of conjuration
  3515 | D:4      | Reached XP level 6. HP: 43/43 MP: 4/10
  3743 | D:4      | Reached skill level 1 in Translocations
  3908 | D:4      | Learned a level 3 spell: Frozen Ramparts
  4196 | D:4      | Reached skill level 1 in Ice Magic
  4634 | D:4      | Noticed Eustachio
  4671 | D:4      | Killed Eustachio
  4672 | D:4      | Reached skill level 6 in Conjurations
  4672 | D:4      | Gained mutation: You have an extremely huge brain. (Int +4)
                  | [demonic ancestry]
  4672 | D:4      | Reached XP level 7. HP: 24/50 MP: 0/12
  5029 | D:5      | Entered Level 5 of the Dungeon
  5116 | D:5      | Reached skill level 1 in Evocations
  5360 | D:5      | Noticed Pikel
  5568 | D:4      | Killed Pikel
  5569 | D:4      | Reached XP level 8. HP: 12/58 MP: 3/14
  6305 | D:5      | Noticed a hornet
  6314 | D:6      | Found a staircase to the Ecumenical Temple.
  6326 | Temple   | Entered the Ecumenical Temple
  6606 | Temple   | Became a worshipper of Vehumet
  6675 | D:6      | Noticed a two-headed ogre
  6752 | D:6      | HP: 2/60 [two-headed ogre (15)]
  6765 | D:6      | Mangled by an orc warrior

Illustrated notes

Levels and vault maps discovered:
D:1:      wander_arrival_abandoned_jail, layout_loops_ring,
          shapermc_ecumenical_altar_hornbeckon, serial_bayou_ford_a,
          chequers_arboretum, chequers_serial_rivers_small_b
D:2:      layout_rooms
D:3:      layout_basic, corexii_corridor_pit, uniq_jessica,
          uniq_crazy_yiuf_cottage
D:4:      layout_loops_corners, uniq_eustachio
D:5:      layout_cave_pools, minmay_divided_ellipse, uniq_pikel
D:6:      minmay_cornered_nines, layout_cave_pools, minmay_temple_entry_trees,
          kb_lookout_dungeons_type
Temple:   mainiacjoe_temple_archimedes_tessellation

Skill      XL: |  1  2  3  4  5  6  7  8 |
---------------+-------------------------+-----
Conjurations   | 5 6 |  6.7
Dodging        | 2 3 |  3.8
Fighting       | 1 2 3 |  3.8
Staves         | 1 2 3 |  3.2
Spellcasting   | 3 4 |  4.3
Translocations | 1 2 |  2.0
Ice Magic      | 1 3 4 |  4.1
Evocations     | 2 |  2.8
Stealth        | |  1.7

Action                   |  1- 3 |  4- 6 |  7- 9 || total
-------------------------+-------+-------+-------++-------
Melee: Dagger            |     3 |       |       ||     3
       Unarmed           |     1 |       |       ||     1
       Hand axe          |       |    20 |    14 ||    34
       Staff             |       |       |     1 ||     1
 Cast: Magic Dart        |    63 |    35 |    33 ||   131
       Searing Ray       |     4 |    13 |    15 ||    32
       Frozen Ramparts   |       |       |     7 ||     7
       Iskenderun's Myst |       |       |     2 ||     2
  Use: Scroll            |       |     5 |     1 ||     6
       Potion            |       |     1 |     4 ||     5
 Stab: Sleeping          |       |     1 |       ||     1
Armor: Robe              |       |     4 |     7 ||    11
Dodge: Dodged            |     5 |    27 |    51 ||    83
